 Dungeon Crawl Stone Soup version 0.28-a0-1080-g05a166d0ed (webtiles) character file.

Game seed: 9018919424451437816

7462 ytrimaz the Martial Artist (level 11, -5/72 HPs)
             Began as an Octopode Transmuter on Dec 9, 2021.
             Was a High Priest of Qazlal.
             Slain by a hornet (16 damage)
             ... on level 10 of the Dungeon.
             The game lasted 00:19:25 (13481 turns).

ytrimaz the Martial Artist (Octopode Transmuter)   Turns: 13481, Time: 00:19:26

Health: -5/72      AC:  1    Str:  9    XL:     11   Next: 15%
Magic:  31/31      EV: 15    Int: 20    God:    Qazlal [*****.]
Gold:   611        SH:  6    Dex: 13    Spells: 11/24 levels left

rFire   . . .      SeeInvis .     - Unarmed
rCold   . . .      Faith    .   (no shield)
rNeg    . . .      Spirit   .   (helmet restricted)
rPois   .          Reflect  .   r - amulet of regeneration
rElec   .          Harm     .   b - ring of magical power
rCorr   .          Rampage  .   (no ring)
Will    .....                   (no ring)
Stlth   +.........              (no ring)
HPRegen 1.02/turn               (no ring)
MPRegen 0.22/turn               (no ring)
                                (no ring)
                                (no ring)

@: slowed, studying Stealth, repel missiles, very slow
A: almost no armour, amphibious, 8 rings, camouflage 1, gelatinous body 1,
(nimble swimmer 1), tentacles
a: Renounce Religion, Upheaval, Elemental Force, Disaster Area


You were on level 10 of the Dungeon.
You worshipped Qazlal.
Qazlal was extremely pleased with you.
You visited 2 branches of the dungeon, and saw 11 of its levels.
You also visited: Ossuary.

You collected 611 gold pieces.

Inventory:

Jewellery
 a - an amulet of guardian spirit
 b - a ring of magical power (left tentacle)
 r - an amulet of regeneration (around mantle)
Wands
 h - a wand of digging (2)
 k - a wand of iceblast (3) (quivered)
 s - a wand of flame (43)
Scrolls
 e - a scroll of brand weapon
 l - 6 scrolls of teleportation
 m - a scroll of magic mapping
 v - a scroll of identify
Potions
 c - a potion of magic {unknown}
 d - 2 potions of ambrosia
 f - 2 potions of lignification
 g - a potion of cancellation {unknown}
 i - 4 potions of mutation
 j - 2 potions of attraction
 n - a potion of resistance {unknown}
 o - 3 potions of flight {unknown}
 p - a potion of haste {unknown}
 q - 2 potions of brilliance {unknown}
 t - a potion of degeneration {unknown}
 u - 2 potions of heal wounds
 w - a potion of curing


   Skills:
 * Level 6.0 Fighting
 + Level 6.1 Dodging
 - Level 0.8 Shields
 - Level 8.1 Unarmed Combat
 * Level 7.4 Spellcasting
 * Level 7.7 Transmutations
 - Level 0.1 Poison Magic
 * Level 6.9 Invocations


You had 11 spell levels left.
You knew the following spells:

 Your Spells              Type           Power      Damage    Failure   Level
a - Beastly Appendage     Tmut           76%        N/A       1%          1
b - Spider Form           Tmut/Pois      23%        N/A       5%          3
c - Ice Form              Ice/Tmut       22%        N/A       19%         4
d - Blade Hands           Tmut           19%        N/A       11%         5

Your spell library contained the following spells:

 Spells                   Type           Power      Damage    Failure   Level
 Wereblood                Tmut           38%        N/A       1%          2
 Magic Dart               Conj           28%        1d4       9%          1
 Pain                     Necr           28%        1d5       9%          1
 Call Imp                 Summ           7%         N/A       14%         2
 Mephitic Cloud           Conj/Pois/Air  7%         N/A       26%         3
 Portal Projectile        Hex/Tloc       14%        N/A       26%         3
 Agony                    Necr           7%         N/A       94%         5
 Excruciating Wounds      Necr           3%         N/A       94%         5


Dungeon Overview and Level Annotations

Branches:
Dungeon (10/15)            Temple (1/1) D:4         Ossuary (visited)
   Lair: D:8-11         Orc: D:9-12

Altars:
Ashenzari
Cheibriados
Dithmenos
Fedhas
Gozag
Hepliaklqana
Kikubaaqudgha
Makhleb
Nemelex Xobeh
Okawaru
Qazlal
Ru
Sif Muna
Trog
Uskayaw
Vehumet
Wu Jian
Xom
Yredelemnul
Zin
The Shining One

Shops:
D:3 [


Innate Abilities, Weirdness & Mutations

You cannot wear most types of armour.
You are amphibious.
You can wear up to eight rings at the same time.
Your skin changes colour to match your surroundings (Stealth+).
Your rubbery body absorbs attacks. (AC +1, EV +1)
((You are camouflaged near water. (Stealth+)))
You have tentacles for arms and can constrict up to eight enemies at once.


Message History

A hornet is nearby!
The hornet stings you.
You are poisoned.
You feel yourself slow down. The hornet barely misses you.
You slash the hornet! You grab the hornet.
The hornet is moderately wounded.
Your main tentacles revert to their normal proportions.
You constrict the hornet, but do no damage.
You feel very sick. The hornet closely misses you. The hornet stings you.
You are more poisoned.
You feel as though you will be slow longer.
You tentacle-slap the hornet.
The hornet is moderately wounded.
You constrict the hornet, but do no damage.
You feel very sick. The hornet stings you!
You feel as though you will be slow longer.
The hornet misses you.
You barely miss the hornet.
The hornet is moderately wounded.
You constrict the hornet.
You feel very sick. The hornet barely misses you.
You block the hornet's attack.
You bludgeon the hornet!
Your tentacle-slap misses the hornet.
The hornet is almost dead.
You constrict the hornet.
You feel very sick. You block the hornet's attack. The hornet stings you!
You suddenly lose the ability to move!
You lose your grip on the hornet.
You feel sick. The hornet stings you!
* * * LOW HITPOINT WARNING * * *
You are more poisoned.
You feel as though you will be slow longer.
The hornet stings you!
* * * LOW HITPOINT WARNING * * *
You feel as though you will be slow longer.
You can move again.
You feel better. The hornet stings you!
You die...

...##..........#
...##########'##
#### ###..# #<..##
#### #.### ## ...#
####.## ###.
...####.....# #..
...##.†.....# #y#
...#..#.....####@#
...'.##.....##...#
...####.....##.###
...# #........#
#+## #.....####
####.## #..# .....
.......


You could see a hornet.

Vanquished Creatures
  A hydra (D:8)
  2 two-headed ogres (D:9)
  A salamander (shapeshifter) (D:10)
  A troll (D:6)
  Sigmund (D:2)
  5 yaks (D:9)
  Eustachio (D:4)
  3 steam dragons
  2 water moccasins
  3 orc warriors
  2 ice beasts (D:7)
  A black bear (D:4)
  Duvessa (D:7)
  2 necrophages
  3 centaurs
  3 phantoms
  2 elf zombies (Ossuary)
  2 gnoll sergeants
  3 bullfrogs
  2 wyvern zombies
  A water moccasin zombie (D:5)
  Dowan (D:7)
  2 water moccasin skeletons
  9 wights
  2 howler monkeys (D:8)
  5 centaur zombies
  4 hounds
  2 bullfrog skeletons
  5 orc priests
  A human zombie (Ossuary)
  2 iguanas (D:6)
  Ijyb (D:4)
  4 orc wizards
  2 killer bee zombies
  A hound zombie (D:5)
  2 mummies (Ossuary)
  A howler monkey skeleton (D:7)
  12 gnolls
  5 adders
  2 shadow imps
  2 white imps
  An ufetubus (D:4)
  An adder skeleton (D:4)
  An adder zombie (Ossuary)
  2 worms
  A dart slug (D:2)
  42 orcs
  4 bats
  7 endoplasms
  3 giant cockroaches
  4 goblins
  9 hobgoblins
  4 jackals
  2 quokkas (D:2)
  7 ball pythons
  A frilled lizard (D:1)
  3 goblin zombies (Ossuary)
  8 hobgoblin zombies (Ossuary)
  A jackal skeleton (D:2)
  7 kobolds
  9 kobold zombies (Ossuary)
  10 orc zombies (Ossuary)
  3 rats (D:3)
  3 rat zombies
240 creatures vanquished.

Vanquished Creatures (collateral kills)
  An orc (D:3)
1 creature vanquished.

Vanquished Creatures (others)
  A wight (D:8)
  An orc wizard (D:8)
  A fungus (D:1)
  3 plants (D:1)
6 creatures vanquished.

Grand Total: 247 creatures vanquished

Notes
Turn   | Place    | Note
-------+----------+-------------------------------------------
     0 | D:1      | ytrimaz the Octopode Transmuter began the quest for the
                  | Orb.
     0 | D:1      | Reached XP level 1. HP: 13/13 MP: 3/3
   263 | D:1      | Reached XP level 2. HP: 18/18 MP: 5/5
   314 | D:1      | Found a faded altar of an unknown god.
   343 | D:1      | Prayed at the altar of an unknown god.
   343 | D:1      | Became a worshipper of Qazlal Stormbringer
   343 | D:1      | Reached * piety under Qazlal
  1160 | D:2      | Reached XP level 3. HP: 14/23 MP: 6/6
  1367 | D:2      | Learned a level 3 spell: Spider Form
  1503 | D:2      | Reached ** piety under Qazlal
  1818 | D:2      | Noticed Sigmund
  1835 | D:2      | Killed Sigmund
  1836 | D:2      | Reached skill level 4 in Unarmed Combat
  1836 | D:2      | Reached XP level 4. HP: 12/29 MP: 5/8
  1836 | D:2      | Reached XP level 5. HP: 14/34 MP: 5/9
  2769 | D:3      | Reached XP level 6. HP: 37/39 MP: 10/10
  2846 | D:3      | Found Desil's Antique Armour Shop.
  3668 | D:4      | Reached skill level 5 in Unarmed Combat
  3950 | D:4      | Noticed Ijyb
  3969 | D:4      | Killed Ijyb
  4021 | D:4      | Noticed a black bear
  4024 | D:4      | Reached skill level 1 in Invocations
  4037 | D:4      | Killed a black bear
  4038 | D:4      | Reached XP level 7. HP: 29/45 MP: 8/12
  4194 | D:4      | Noticed Eustachio
  4258 | D:4      | Killed Eustachio
  4477 | D:4      | Found a staircase to the Ecumenical Temple.
  4541 | D:4      | Reached *** piety under Qazlal
  5028 | D:4      | Found a shimmering blue altar of Sif Muna.
  5029 | D:4      | Found an iron altar of Okawaru.
  5272 | D:4      | HP: 2/45 [gnoll sergeant (10)]
  5563 | D:4      | HP: 2/45 [gnoll sergeant (1)]
  5566 | D:4      | Reached skill level 6 in Unarmed Combat
  6000 | D:4      | Found a glowing silver altar of Zin.
  6096 | D:5      | Entered Level 5 of the Dungeon
  6212 | D:5      | Reached XP level 8. HP: 20/52 MP: 8/14
  6858 | D:5      | Identified the +8 hunting sling "Qakyxim" {venom, rElec rF+
                  | Int-3}
  6934 | D:5      | Learned a level 4 spell: Ice Form
  6940 | D:5      | Learned a level 5 spell: Blade Hands
  7065 | D:5      | Found a hazy altar of Hepliaklqana.
  7339 | Temple   | Entered the Ecumenical Temple
  7806 | D:5      | Reached skill level 7 in Unarmed Combat
  8126 | D:6      | Found a glowing golden altar of the Shining One.
  8128 | D:6      | Noticed an angel
  8137 | D:6      | Found a basalt altar of Yredelemnul.
  8139 | D:6      | Noticed a profane servitor
  8352 | D:6      | Noticed a troll
  8372 | D:6      | Killed a troll
  8373 | D:6      | Reached XP level 9. HP: 12/58 MP: 1/16
  8771 | D:6      | Reached skill level 8 in Unarmed Combat
  9789 | D:7      | Reached skill level 5 in Spellcasting
  9903 | D:7      | Reached skill level 5 in Transmutations
  9903 | D:7      | Found a sand-covered staircase.
  9920 | Ossuary  | Entered an ossuary
 10010 | Ossuary  | Reached **** piety under Qazlal
 10409 | D:7      | Found a burning altar of Makhleb.
 10689 | D:7      | Reached skill level 5 in Invocations
 10756 | D:7      | Found the +7 mace of Variability {chain chaos}
 10836 | D:7      | Noticed Dowan
 10838 | D:7      | Noticed Duvessa
 10840 | D:7      | Reached skill level 5 in Fighting
 10853 | D:7      | Killed Duvessa
 10859 | D:7      | Killed Dowan
 11439 | D:8      | Reached ***** piety under Qazlal
 11440 | D:8      | Reached XP level 10. HP: 64/64 MP: 18/18
 11532 | D:8      | Noticed a seven-headed hydra
 11578 | D:8      | Killed a seven-headed hydra
 12223 | D:9      | Reached skill level 5 in Dodging
 12581 | D:9      | Noticed a two-headed ogre
 12644 | D:9      | Killed a two-headed ogre
 12645 | D:9      | Reached XP level 11. HP: 64/72 MP: 21/21
 12690 | D:9      | Noticed a two-headed ogre
 12716 | D:9      | Killed a two-headed ogre
 13103 | D:9      | Found a stormy altar of Qazlal.
 13378 | D:10     | Entered Level 10 of the Dungeon
 13434 | D:10     | Noticed a salamander
 13446 | D:10     | Killed a salamander
 13479 | D:10     | Paralysed by a hornet for 2 turns
 13481 | D:10     | Slain by a hornet

Illustrated notes

Levels and vault maps discovered:
D:1:      giann_bridges, layout_loops_ring, shapermc_ecumenical_altar_ellora
D:2:      layout_basic, uniq_sigmund
D:3:      layout_basic, serial_shops, shop, amcnicky_mini_corridor_feature
D:4:      layout_cave_pods, mainiacjoe_overflow_cross_hatched,
          chequers_temple_overflow_statue_of_worship, minmay_temple_entry_ruins,
          grunt_ministairs_15, due_unseen_surprise, uniq_eustachio, uniq_ijyb
D:5:      kennysheep_steamy, layout_cave_pools, lemuel_coloured_pillars_altar
D:6:      layout_basic, grunt_temple_overflow_holy_war
D:7:      layout_basic, nicolae_overflow_crystal_walls, enter_ossuary_4,
          uniq_duvessa
D:8:      layout_basic, minmay_manual_mail
D:9:      layout_basic, mainiacjoe_overflow_alcove_4
D:10:     layout_roguey, kennysheep_little_box, grunt_decor_mini_mirrors,
          patterned_corridor
Temple:   dshaligram_water_room_temple

Skill      XL: |  1  2  3  4  5  6  7  8  9 10 11 |
---------------+----------------------------------+-----
Fighting       | 2 3 4 5 6 |  6.0
Unarmed Combat | 4 5 6 7 8 |  8.1
Spellcasting   | 3 4 5 7 |  7.4
Transmutations | 3 4 5 7 |  7.7
Invocations    | 1 2 3 5 6 |  6.9
Dodging        | 3 5 6 |  6.1
Shields        | |  0.8
Poison Magic   | |  0.1

Action                   |  1- 3 |  4- 6 |  7- 9 | 10-12 || total
-------------------------+-------+-------+-------+-------++-------
Melee: Unarmed           |   102 |    90 |   418 |   137 ||   747
       Constrict         |    26 |    19 |    46 |    13 ||   104
       Tentacles         |    17 |    12 |    43 |    21 ||    93
       Kick              |     4 |     3 |       |       ||     7
       Punch             |     1 |       |     7 |     2 ||    10
 Cast: Beastly Appendage |     5 |     7 |     1 |       ||    13
       Spider Form       |     1 |     2 |    12 |       ||    15
       Ice Form          |       |       |     7 |     6 ||    13
       Blade Hands       |       |       |       |     5 ||     5
Invok: Upheaval          |       |       |     1 |       ||     1
       Elemental Force   |       |       |       |     1 ||     1
Evoke: Wand              |       |       |     4 |     1 ||     5
  Use: Scroll            |     4 |     3 |     8 |     2 ||    17
       Potion            |     1 |     1 |     4 |     2 ||     8
 Stab: Sleeping          |     1 |       |       |       ||     1
Armor: Skin              |     4 |     5 |    45 |    19 ||    73
Dodge: Dodged            |    48 |    54 |   258 |    76 ||   436
       Repelled          |       |       |       |     2 ||     2
Block: Other             |     8 |    11 |    65 |    47 ||   131

Table legend: (Time is in decaauts)
 A = Elapsed time spent in this place.
 B = Non-inter-level travel time spent in this place.
 C = Inter-level travel time spent in this place.
 D = Time resting spent in this place.
 E = Time spent auto-exploring this place.
 F = Levels seen in this place.
 G = Mean time per level.
                   A        B        C        D        E       F      G
               +--------+--------+--------+--------+--------+-----+--------+
         Total |  13395 |  13016 |    379 |   1212 |   9406 |  12 | 1116.2 |
       Dungeon |  12880 |  12525 |    355 |   1212 |   9069 |  10 | 1288.0 |
        Temple |     93 |     69 |     24 |      0 |     59 |   1 |   93.0 |
       Ossuary |    421 |    421 |      0 |      0 |    278 |   1 |  421.0 |
               +--------+--------+--------+--------+--------+-----+--------+

Top non-repeatable levels by time:
     D:4: 2253 daAuts
     D:3: 1704 daAuts
     D:5: 1629 daAuts
     D:6: 1550 daAuts
     D:2: 1358 daAuts
     D:7: 1179 daAuts
     D:9: 1166 daAuts
     D:1: 1021 daAuts
     D:8: 913 daAuts
 Ossuary: 421 daAuts
    D:10: 103 daAuts
  Temple: 93 daAuts
